TOP OF THE 1ST |
Boston (WIN) Red Sox batting - Pitching for Milwaukee (WIN) Brewers : RHP Brett Rosinsky
|
Pitching: RHP Brett Rosinsky
|
|
Batting: LHB Tim Fuller
|
0-0: Foul Ball, location: 2F 0-1: Ball 1-1: Ball 2-1: Called Strike 2-2: Foul Ball, location: 2F 2-2: Foul Ball, location: 2F 2-2: Ground out 4-3 (Groundball, 4, EV 88.8 MPH)
|
Batting: RHB Dan Friess
|
0-0: Foul Ball, location: 2F 0-1: Ball 1-1: Ball 2-1: Ball 3-1: SINGLE (Line Drive, 7S, EV 99.4 MPH)
|
Batting: LHB Jarrett Mordecai
|
0-0: Called Strike 0-1: Ball 1-1: Ball 2-1: Ball 3-1: Foul Ball, location: 2F 3-2: Fly out, F8 (Flyball, 8RM, EV 91.2 MPH)
|
Batting: SHB Ben Ervin
|
0-0: Ball 1-0: Swinging Strike 1-1: Foul Ball, location: 2F 1-2: Ball 2-2: Strikes out swinging
|
Top of the 1st over - 0 runs, 1 hit, 0 errors, 1 left on base; Boston (WIN) 0 - Milwaukee (WIN) 0 |
BOTTOM OF THE 1ST |
Milwaukee (WIN) Brewers batting - Pitching for Boston (WIN) Red Sox : LHP Eric Del Sordo
|
Pitching: LHP Eric Del Sordo
|
|
Batting: LHB Alfredo de la Cruz
|
0-0: SINGLE (Line Drive, 4MD, EV 103.8 MPH)
|
Batting: LHB Gabe Harvey
|
0-0: Foul Ball, location: 2F 0-1: Ball Alfredo de la Cruz steals 2nd base 1-1: Fly out, F7 (Flyball, 78M, EV 93.1 MPH)
|
Batting: RHB Adrian Rudkilde
|
0-0: SINGLE (Groundball, 6MD, EV 94.4 MPH) Alfredo de la Cruz to third
|
Batting: RHB Nick Cummings
|
0-0: Ball 1-0: Ball 2-0: Ball 3-0: Base on Balls Adrian Rudkilde to second
|
Batting: LHB Adam Hill
|
0-0: Called Strike 0-1: Ball 1-1: Foul Ball, location: 2F 1-2: Ball 2-2: Strikes out swinging
|
Batting: RHB Mike Ball
|
0-0: Ball 1-0: Ball 2-0: Called Strike 2-1: Fly out, F3 (Line Drive, 3, EV 70.0 MPH)
|
Bottom of the 1st over - 0 runs, 2 hits, 0 errors, 3 left on base; Boston (WIN) 0 - Milwaukee (WIN) 0 |
TOP OF THE 2ND |
Boston (WIN) Red Sox batting - Pitching for Milwaukee (WIN) Brewers : RHP Brett Rosinsky
|
Batting: RHB Jose Diaz
|
0-0: Called Strike 0-1: Ball 1-1: Swinging Strike 1-2: Strikes out swinging
|
Batting: RHB Brandon Perris
|
0-0: Ball 1-0: Ball 2-0: Ball 3-0: Called Strike 3-1: Fly out, F9 (Line Drive, 89S, EV 96.2 MPH)
|
Batting: LHB John Bailey
|
0-0: Called Strike 0-1: Called Strike 0-2: Foul Ball, location: 2F 0-2: Ball 1-2: Strikes out swinging
|
Top of the 2nd over - 0 runs, 0 hits, 0 errors, 0 left on base; Boston (WIN) 0 - Milwaukee (WIN) 0 |
BOTTOM OF THE 2ND |
Milwaukee (WIN) Brewers batting - Pitching for Boston (WIN) Red Sox : LHP Eric Del Sordo
|
Batting: RHB Ryan Miller
|
0-0: Called Strike 0-1: Ball 1-1: Ball 2-1: Ball 3-1: SINGLE (Flyball, 9, EV 88.1 MPH)
|
Batting: SHB Mike Williams
|
0-0: Swinging Strike 0-1: Grounds into double play, 6-4-3 (Groundball, 6, EV 96.9 MPH)
|
Batting: RHB Dusty Bates
|
0-0: Ball 1-0: Called Strike 1-1: Ball 2-1: Swinging Strike 2-2: Foul Ball, location: 2F 2-2: Hit by Pitch
|
Batting: LHB Alfredo de la Cruz
|
0-0: Called Strike 0-1: Swinging Strike 0-2: Ball 1-2: Strikes out looking
|
Bottom of the 2nd over - 0 runs, 1 hit, 0 errors, 1 left on base; Boston (WIN) 0 - Milwaukee (WIN) 0 |
TOP OF THE 3RD |
Boston (WIN) Red Sox batting - Pitching for Milwaukee (WIN) Brewers : RHP Brett Rosinsky
|
Batting: RHB John Chiesa
|
0-0: SINGLE (Groundball, 25, EV 66.2 MPH) (infield hit)
|
Batting: RHB Joe Sandoval
|
0-0: Ball 1-0: Foul Ball, location: 2F 1-1: Called Strike John Chiesa is caught stealing 2nd base 2-4 1-2: Foul Ball, location: 2F 1-2: Strikes out looking
|
Batting: LHB Tim Fuller
|
0-0: Ball 1-0: Ball 2-0: Ball 3-0: Called Strike 3-1: SINGLE (Groundball, 4D, EV 98.8 MPH)
|
Batting: RHB Dan Friess
|
0-0: Called Strike Tim Fuller steals 2nd base 0-1: DOUBLE (Line Drive, 89XD, EV 107.5 MPH) Tim Fuller scores
|
Batting: LHB Jarrett Mordecai
|
0-0: Ball 1-0: Ball 2-0: Swinging Strike 2-1: Called Strike 2-2: Ball 3-2: Base on Balls
|
Batting: SHB Ben Ervin
|
0-0: Ball 1-0: Ball 2-0: Called Strike 2-1: Foul Ball, location: 2F 2-2: SINGLE (Groundball, 4MD, EV 110.6 MPH) Dan Friess to third Jarrett Mordecai to second Runner from 3rd tries for Home, SAFE, throw by CF to home
|
Batting: RHB Jose Diaz
|
0-0: Foul Ball, location: 2F 0-1: Fly out, F9 (Flyball, 9S, EV 92.5 MPH)
|
Top of the 3rd over - 2 runs, 4 hits, 0 errors, 2 left on base; Boston (WIN) 2 - Milwaukee (WIN) 0 |
BOTTOM OF THE 3RD |
Milwaukee (WIN) Brewers batting - Pitching for Boston (WIN) Red Sox : LHP Eric Del Sordo
|
Batting: LHB Gabe Harvey
|
0-0: Called Strike 0-1: Called Strike 0-2: Fly out, F2 (Popup, 25F, EV 78.8 MPH)
|
Batting: RHB Adrian Rudkilde
|
0-0: Foul Ball, location: 2F 0-1: Foul Ball, location: 2F 0-2: SINGLE (Line Drive, 7LS, EV 106.9 MPH)
|
Batting: RHB Nick Cummings
|
0-0: Called Strike 0-1: Foul Ball, location: 2F 0-2: Ball 1-2: Strikes out looking
|
Batting: LHB Adam Hill
|
0-0: Foul Ball, location: 2F 0-1: Swinging Strike 0-2: Ground out 5-3 (Groundball, 56S, EV 80.6 MPH)
|
Bottom of the 3rd over - 0 runs, 1 hit, 0 errors, 1 left on base; Boston (WIN) 2 - Milwaukee (WIN) 0 |
TOP OF THE 4TH |
Boston (WIN) Red Sox batting - Pitching for Milwaukee (WIN) Brewers : RHP Brett Rosinsky
|
Batting: RHB Brandon Perris
|
0-0: Called Strike 0-1: Ball 1-1: Ball 2-1: Ground out 6-3 (Groundball, 6, EV 101.2 MPH)
|
Batting: LHB John Bailey
|
0-0: Ball 1-0: Ball 2-0: SINGLE (Groundball, 4M, EV 82.5 MPH) (infield hit)
|
Batting: RHB John Chiesa
|
0-0: Swinging Strike 0-1: Called Strike 0-2: Strikes out swinging
|
Batting: RHB Joe Sandoval
|
0-0: Called Strike 0-1: Fielders Choice at 2nd, U4 (Groundball, 4M, EV 100.6 MPH)
|
Top of the 4th over - 0 runs, 1 hit, 0 errors, 1 left on base; Boston (WIN) 2 - Milwaukee (WIN) 0 |
BOTTOM OF THE 4TH |
Milwaukee (WIN) Brewers batting - Pitching for Boston (WIN) Red Sox : LHP Eric Del Sordo
|
Batting: RHB Mike Ball
|
0-0: Ball 1-0: Ball 2-0: DOUBLE (Line Drive, 3D, EV 96.9 MPH)
|
Batting: RHB Ryan Miller
|
0-0: Ball 1-0: Fly out, F9 (Flyball, 9, EV 86.9 MPH)
|
Batting: SHB Mike Williams
|
0-0: Ball 1-0: Ball 2-0: Called Strike 2-1: Fly out, F9 (Flyball, 89M, EV 75.0 MPH)
|
Batting: RHB Dusty Bates
|
0-0: Ground out 4-3 (Groundball, 4, EV 87.5 MPH)
|
Bottom of the 4th over - 0 runs, 1 hit, 0 errors, 1 left on base; Boston (WIN) 2 - Milwaukee (WIN) 0 |
TOP OF THE 5TH |
Boston (WIN) Red Sox batting - Pitching for Milwaukee (WIN) Brewers : RHP Brett Rosinsky
|
Batting: LHB Tim Fuller
|
0-0: Ball 1-0: Foul Ball, location: 2F 1-1: Ball 2-1: Swinging Strike 2-2: Strikes out swinging
|
Batting: RHB Dan Friess
|
0-0: Called Strike 0-1: Ball 1-1: Ball 2-1: Ball 3-1: Called Strike 3-2: Base on Balls
|
Batting: LHB Jarrett Mordecai
|
0-0: Ball 1-0: Foul Ball, location: 2F 1-1: Ball 2-1: Ball 3-1: Foul Ball, location: 2F 3-2: Foul Ball, location: 2F 3-2: Base on Balls Dan Friess to second
|
Batting: SHB Ben Ervin
|
0-0: Fielders Choice at 2nd, 6-4 (Groundball, 6M, EV 110.0 MPH) Dan Friess to third
|
Batting: RHB Jose Diaz
|
0-0: Ball 1-0: Ball 2-0: Called Strike 2-1: Swinging Strike 2-2: Strikes out swinging
|
Top of the 5th over - 0 runs, 0 hits, 0 errors, 2 left on base; Boston (WIN) 2 - Milwaukee (WIN) 0 |
BOTTOM OF THE 5TH |
Milwaukee (WIN) Brewers batting - Pitching for Boston (WIN) Red Sox : LHP Eric Del Sordo
|
Batting: LHB Alfredo de la Cruz
|
0-0: Ball 1-0: Ball 2-0: Foul Ball, location: 2F 2-1: Foul Ball, location: 2F 2-2: Ball 3-2: Ground out 4-3 (Groundball, 4, EV 87.5 MPH)
|
Batting: LHB Gabe Harvey
|
0-0: Foul Ball, location: 2F 0-1: Called Strike 0-2: Hit by Pitch
|
Batting: RHB Adrian Rudkilde
|
0-0: 2-RUN HOME RUN (Line Drive, 7LD, EV 95.0 MPH), Distance : 360 ft
|
Batting: RHB Nick Cummings
|
0-0: Foul Ball, location: 2F 0-1: Ball 1-1: Foul Ball, location: 2F 1-2: Ground out 5-3 (Groundball, 56S, EV 78.8 MPH)
|
Batting: LHB Adam Hill
|
0-0: Ball 1-0: Called Strike 1-1: Ball 2-1: Fly out, F9 (Flyball, 9, EV 93.8 MPH)
|
Bottom of the 5th over - 2 runs, 1 hit, 0 errors, 0 left on base; Boston (WIN) 2 - Milwaukee (WIN) 2 |
TOP OF THE 6TH |
Boston (WIN) Red Sox batting - Pitching for Milwaukee (WIN) Brewers : RHP Brett Rosinsky
|
Batting: RHB Brandon Perris
|
0-0: Swinging Strike 0-1: SINGLE (Flyball, 7S, EV 86.2 MPH)
|
Pitching: RHP Jonathon Crunk
|
|
Batting: LHB John Bailey
|
0-0: Ball 1-0: Fly out, F8 (Flyball, 8LS, EV 78.8 MPH)
|
Batting: RHB John Chiesa
|
0-0: Called Strike 0-1: Foul Ball, location: 2F 0-2: Foul Ball, location: 2F 0-2: Strikes out looking
|
Pinch Hitting: LHB Frank Olivo
|
0-0: Ball 1-0: Called Strike 1-1: Foul Ball, location: 2F 1-2: Strikes out looking
|
Top of the 6th over - 0 runs, 1 hit, 0 errors, 1 left on base; Boston (WIN) 2 - Milwaukee (WIN) 2 |
BOTTOM OF THE 6TH |
Milwaukee (WIN) Brewers batting - Pitching for Boston (WIN) Red Sox : LHP Eric Del Sordo
|
Pitching: RHP Jon Mercado
|
|
Now in LF: Frank Olivo
|
|
Now in CF: John Chiesa
|
|
Batting: RHB Mike Ball
|
0-0: Ball 1-0: Ball 2-0: Called Strike 2-1: Swinging Strike 2-2: Strikes out swinging
|
Batting: RHB Ryan Miller
|
0-0: Called Strike 0-1: Ball 1-1: Swinging Strike 1-2: Ball 2-2: Ball 3-2: Fly out, F8 (Flyball, 8LXD, EV 91.2 MPH)
|
Batting: SHB Mike Williams
|
0-0: DOUBLE (Line Drive, 7LD, EV 104.4 MPH)
|
Batting: RHB Dusty Bates
|
0-0: Ball 1-0: Ball 2-0: Called Strike 2-1: Ball 3-1: Called Strike 3-2: Foul Ball, location: 2F 3-2: Strikes out swinging
|
Bottom of the 6th over - 0 runs, 1 hit, 0 errors, 1 left on base; Boston (WIN) 2 - Milwaukee (WIN) 2 |
TOP OF THE 7TH |
Boston (WIN) Red Sox batting - Pitching for Milwaukee (WIN) Brewers : RHP Jonathon Crunk
|
Batting: LHB Tim Fuller
|
0-0: Ball 1-0: Foul Ball, location: 2F 1-1: Ball 2-1: Swinging Strike 2-2: Foul Ball, location: 2F 2-2: Ball 3-2: Foul Ball, location: 2F 3-2: Foul Ball, location: 2F 3-2: Strikes out swinging
|
Batting: RHB Dan Friess
|
0-0: Called Strike 0-1: Fly out, F7 (Line Drive, 7, EV 97.5 MPH)
|
Batting: LHB Jarrett Mordecai
|
0-0: Ball 1-0: Ball 2-0: Ball 3-0: Foul Ball, location: 2F 3-1: Foul Ball, location: 2F 3-2: Strikes out swinging
|
Top of the 7th over - 0 runs, 0 hits, 0 errors, 0 left on base; Boston (WIN) 2 - Milwaukee (WIN) 2 |
BOTTOM OF THE 7TH |
Milwaukee (WIN) Brewers batting - Pitching for Boston (WIN) Red Sox : RHP Jon Mercado
|
Batting: LHB Alfredo de la Cruz
|
0-0: Ground out 5-3 (Groundball, 56S, EV 89.4 MPH)
|
Batting: LHB Gabe Harvey
|
0-0: Foul Ball, location: 2F 0-1: Ball 1-1: Ball 2-1: Fly out, F7 (Flyball, 7, EV 85.0 MPH)
|
Batting: RHB Adrian Rudkilde
|
0-0: Ball 1-0: Foul Ball, location: 2F 1-1: Swinging Strike 1-2: Strikes out swinging
|
Bottom of the 7th over - 0 runs, 0 hits, 0 errors, 0 left on base; Boston (WIN) 2 - Milwaukee (WIN) 2 |
TOP OF THE 8TH |
Boston (WIN) Red Sox batting - Pitching for Milwaukee (WIN) Brewers : RHP Jonathon Crunk
|
Batting: SHB Ben Ervin
|
0-0: Foul Ball, location: 2F 0-1: Ball 1-1: Called Strike 1-2: Foul Ball, location: 2F 1-2: Ball 2-2: Foul Ball, location: 2F 2-2: Ball 3-2: Ground out 4-3 (Groundball, 4, EV 81.9 MPH)
|
Batting: RHB Jose Diaz
|
0-0: SOLO HOME RUN (Flyball, 7D, EV 98.8 MPH), Distance : 390 ft
|
Batting: RHB Brandon Perris
|
0-0: Called Strike 0-1: Called Strike 0-2: Foul Ball, location: 2F 0-2: Foul Ball, location: 2F 0-2: Strikes out looking
|
Batting: LHB John Bailey
|
0-0: Swinging Strike 0-1: Called Strike 0-2: Strikes out swinging
|
Top of the 8th over - 1 run, 1 hit, 0 errors, 0 left on base; Boston (WIN) 3 - Milwaukee (WIN) 2 |
BOTTOM OF THE 8TH |
Milwaukee (WIN) Brewers batting - Pitching for Boston (WIN) Red Sox : RHP Jon Mercado
|
Batting: RHB Nick Cummings
|
0-0: Ball 1-0: SINGLE (Line Drive, 8LS, EV 89.4 MPH)
|
Pitching: LHP Ken Intagliata
|
|
Pinch Hitting: SHB Jamel Wright
|
0-0: Called Strike 0-1: Fly out, F9 (Line Drive, 89D, EV 87.5 MPH)
|
Batting: RHB Mike Ball
|
0-0: Swinging Strike 0-1: SINGLE (Groundball, 25, EV 68.1 MPH) (infield hit) Nick Cummings to second
|
Batting: RHB Ryan Miller
|
0-0: Swinging Strike 0-1: Ball 1-1: Grounds into double play, 6-4-3 (Groundball, 6, EV 102.5 MPH)
|
Bottom of the 8th over - 0 runs, 2 hits, 0 errors, 1 left on base; Boston (WIN) 3 - Milwaukee (WIN) 2 |
TOP OF THE 9TH |
Boston (WIN) Red Sox batting - Pitching for Milwaukee (WIN) Brewers : RHP Jonathon Crunk
|
Pitching: RHP Javy Uribe
|
|
Now at SS: Robert Sayer
|
|
Pinch Hitting: LHB Julian Toney
|
0-0: Hit by Pitch
|
Batting: LHB Frank Olivo
|
0-0: Grounds into double play, 4-6-3 (Groundball, 4, EV 103.1 MPH)
|
Batting: LHB Tim Fuller
|
0-0: Ball 1-0: DOUBLE (Line Drive, 7LM, EV 104.4 MPH)
|
Batting: RHB Dan Friess
|
0-0: Called Strike 0-1: Foul Ball, location: 2F 0-2: Ball 1-2: Foul Ball, location: 2F 1-2: Foul Ball, location: 2F 1-2: Ball 2-2: Reached on error, E5 (Groundball, 56D, EV 82.5 MPH) Tim Fuller to third
|
Batting: LHB Jarrett Mordecai
|
0-0: Ball 1-0: SINGLE (Line Drive, 4MD, EV 95.6 MPH) Tim Fuller scores Dan Friess to second
|
Batting: SHB Ben Ervin
|
0-0: Ball 1-0: Swinging Strike 1-1: Foul Ball, location: 2F 1-2: Ball 2-2: Foul Ball, location: 2F 2-2: Ball 3-2: Strikes out swinging
|
Top of the 9th over - 1 run, 2 hits, 1 error, 2 left on base; Boston (WIN) 4 - Milwaukee (WIN) 2 |
BOTTOM OF THE 9TH |
Milwaukee (WIN) Brewers batting - Pitching for Boston (WIN) Red Sox : LHP Ken Intagliata
|
Pitching: RHP Jaime Dunning
|
|
Now in CF: Ted Emmerich
|
|
Batting: SHB Mike Williams
|
0-0: Called Strike 0-1: Ground out U3 (Groundball, 3, EV 96.9 MPH)
|
Pinch Hitting: RHB Eddie McCoy
|
0-0: Ground out 6-3 (Groundball, 6, EV 77.5 MPH)
|
Batting: LHB Alfredo de la Cruz
|
0-0: Ball 1-0: Ball 2-0: Called Strike 2-1: Called Strike 2-2: TRIPLE (Line Drive, 89D, EV 112.5 MPH)
|
Batting: LHB Gabe Harvey
|
0-0: Called Strike 0-1: Ball 1-1: Ball 2-1: Foul Ball, location: 2F 2-2: Strikes out swinging
|
Bottom of the 9th over - 0 runs, 1 hit, 0 errors, 1 left on base; Boston (WIN) 4 - Milwaukee (WIN) 2 |
|